 Dungeon Crawl Stone Soup version 0.28-a0-1038-g9c4cb8273d (webtiles) character file.

Game seed: 16221550523881833516

575 porpoise the Magician (level 7, -3/36 HPs)
             Began as a Deep Elf Conjurer on Dec 9, 2021.
             Slain by a gnoll sergeant (5 damage)
             ... on level 6 of the Dungeon.
             The game lasted 00:16:16 (3592 turns).

porpoise the Magician (Deep Elf Conjurer)           Turns: 3592, Time: 00:16:18

Health: -3/36      AC:  3    Str:  4    XL:     7   Next: 12%
Magic:  4/19       EV: 16    Int: 25    God:
Gold:   230        SH:  0    Dex: 13    Spells: 6/20 levels left

rFire   + . .      SeeInvis .   (no weapon)
rCold   + . .      Faith    .   (no shield)
rNeg    . . .      Spirit   .   a - +1 robe
rPois   +          Reflect  .   (no helmet)
rElec   +          Harm     .   (no cloak)
rCorr   +          Rampage  .   (no gloves)
Will    .....                   (no boots)
Stlth   ++........              (no amulet)
HPRegen 0.12/turn               l - +4 ring of evasion
MPRegen 0.16/turn               k - ring of flight

@: silenced, resistant, flying, hasted, very quick
A: no striking features
a: no special abilities


You were on level 6 of the Dungeon.
You visited 1 branch of the dungeon, and saw 5 of its levels.

You collected 230 gold pieces.

Inventory:

Missiles
 e - a curare-tipped dart (quivered)
 f - 55 stones
Armour
 a - a +1 robe (worn)
Jewellery
 d - a ring of see invisible
 h - an amulet of guardian spirit
 k - a ring of flight (right hand)
 l - a +4 ring of evasion (left hand)
Scrolls
 c - a scroll of identify
 n - a scroll of immolation {unknown}
Potions
 b - a potion of flight
 g - a potion of haste


   Skills:
 - Level 2.4 Dodging
 + Level 4.2 Stealth
 - Level 7.0 Spellcasting
 - Level 6.5 Conjurations
 * Level 3.3 Hexes
 * Level 0.0 Translocations


You had 6 spell levels left.
You knew the following spells:

 Your Spells              Type           Power      Damage    Failure   Level
a - Magic Dart            Conj           100%       1d8       1%          1
b - Searing Ray           Conj           82%        2d7       1%          2
c - Fulminant Prism       Conj/Hex       16%        3d11      9%          4
d - Iskenderun's Mystic   Conj/Tloc      25%        2d7       17%         4
z - Dazzling Flash        Conj/Hex       66%        N/A       2%          3

Your spell library contained the following spells:

 Spells                   Type           Power      Damage    Failure   Level
 Static Discharge         Conj/Air       25%        N/A       2%          2
 Gell's Gravitas          Tloc           8%         N/A       21%         3
 Lesser Beckoning         Tloc           8%         N/A       21%         3
 Teleport Other           Tloc           8%         N/A       21%         3
 Lightning Bolt           Conj/Air       12%        1d26      43%         5
 Maxwell's Capacitive Co  Air            4%         ∞         100%        8


Dungeon Overview and Level Annotations

Branches:
Dungeon (6/15)
 Temple: D:4-7

Altars:
Ru
Xom


Message History

Your fulminant prism explodes!
The blast of energy engulfs the wraith!
The wraith is heavily damaged.
The blast of energy engulfs you!
* * * LOW HITPOINT WARNING * * *
You hear a shout!
There is an open door, spattered with blood here.
Casting: Iskenderun's Mystic Blast (quite dangerous; 17% risk of failure)
Confirm with . or Enter, or press ? or * to list all spells.
You don't have enough magic to cast this spell.
It was a potion of haste.
You feel yourself speed up. The wraith closely misses you.
It was a potion of resistance.
You feel protected. The wraith closely misses you.
Found a book of Lightning.
Found a metallic puce potion.
You feel yourself speed up.
There is an open door here.
As you read the scroll labelled SUKYOG MOWOI, it crumbles to dust.
A profound silence engulfs you.
It was a scroll of silence.
The wraith barely misses you.
Something unseen opens the door.
You aren't carrying any items that you can evoke.
Unknown command.
Okay, then.
Unknown command.
Unknown command.
You cannot cast spells when silenced!
A gnoll and a gnoll sergeant come into view.
The gnoll is wielding a +2 whip of pain.
A gnoll comes into view. It is wielding a +0 spear.
The gnoll moves out of view.
A gnoll comes into view. It is wielding a +0 club.
The gnoll sergeant barely misses you.
Your magical contamination has completely faded away.
You see here a book of Lightning.
You pick up a book of Lightning and begin reading...
You add the spells Static Discharge, Lightning Bolt and Maxwell's Capacitive Coupling to your library.
The gnoll sergeant hits you from afar with a +0 trident.
You die...

### #### #..........)....#
##..#######..........#.#..#
#....##..##............#..#
####...†'....#............#
.#
##..##).##....##.#+##.#.#..#
.# #....'#'###..#####
#.#.#..# # #....##s.
##'#..## #.#.#..# ##..##....
##...!# #. .# ##'## .....
#.W.@# #..##?..8..$##..##
....#=...W.|##g##
....##...?.##.g# #..#+ #g...
#### #'.... .g##..## .. ####


You could see a wraith, a gnoll sergeant and 3 gnolls.

Vanquished Creatures
  An ogre (D:6)
  A scorpion (D:6)
  A jelly (D:6)
  A bullfrog zombie (D:6)
  3 hounds
  A bullfrog skeleton (D:6)
  A centaur skeleton (D:2)
  An orc wizard (D:6)
  A killer bee zombie (D:6)
  4 adders
  2 worms (D:2)
  3 dart slugs
  3 endoplasms (D:2)
  A giant cockroach (D:3)
  3 goblins
  3 hobgoblins
  6 jackals
  3 kobolds
  A quokka (D:2)
  3 ball pythons
  6 bats
  A frilled lizard (D:1)
  4 rats
54 creatures vanquished.

Vanquished Creatures (collateral kills)
  A scorpion (D:6)
  A gnoll (D:6)
2 creatures vanquished.

Vanquished Creatures (others)
  2 fulminant prisms (D:6)
2 creatures vanquished.

Grand Total: 58 creatures vanquished

Notes
Turn   | Place    | Note
-------+----------+-------------------------------------------
     0 | D:1      | porpoise the Deep Elf Conjurer began the quest for the Orb.
     0 | D:1      | Reached XP level 1. HP: 10/10 MP: 6/6
   438 | D:1      | Reached XP level 2. HP: 15/15 MP: 2/8
   501 | D:1      | Learned a level 2 spell: Searing Ray
   713 | D:1      | Found a faded altar of an unknown god.
   817 | D:1      | Reached skill level 5 in Conjurations
  1175 | D:2      | Reached XP level 3. HP: 19/19 MP: 7/10
  1179 | D:2      | Learned a level 3 spell: Dazzling Flash
  1404 | D:2      | Reached skill level 4 in Spellcasting
  1408 | D:2      | Reached XP level 4. HP: 12/24 MP: 2/12
  1555 | D:2      | Learned a level 4 spell: Fulminant Prism
  1850 | D:2      | Found a sacrificial altar of Ru.
  2612 | D:3      | You are sucked into a shaft and drop 3 floors!
  2631 | D:6      | Reached skill level 5 in Spellcasting
  2631 | D:6      | Reached XP level 5. HP: 28/28 MP: 7/14
  2780 | D:5      | Entered Level 5 of the Dungeon
  2833 | D:6      | Reached XP level 6. HP: 4/32 MP: 8/16
  3240 | D:6      | Reached skill level 6 in Spellcasting
  3281 | D:6      | Learned a level 4 spell: Iskenderun's Mystic Blast
  3296 | D:6      | Found a shimmering altar of Xom.
  3400 | D:6      | Reached skill level 1 in Hexes
  3567 | D:6      | Noticed a wraith
  3573 | D:6      | Reached skill level 7 in Spellcasting
  3573 | D:6      | Reached XP level 7. HP: 36/36 MP: 13/19
  3581 | D:6      | HP: 1/36 [spore (17)]
  3592 | D:6      | Slain by a gnoll sergeant

Illustrated notes

Levels and vault maps discovered:
D:1:      giann_wishing_wells, layout_loops_ring,
          shapermc_ecumenical_altar_pompeii
D:2:      layout_basic, basic_altar, glass_columns_b
D:3:      layout_basic, chequers_temple_overflow_statue_of_worship,
          uniq_crazy_yiuf_cottage
D:5:      layout_basic, uniq_eustachio
D:6:      minmay_bubble_buster, layout_basic, mainiacjoe_overflow_alcove_1,
          kennysheep_pointless_box

Skill      XL: |  1  2  3  4  5  6 |
---------------+-------------------+-----
Conjurations   | 5 6 |  6.5
Spellcasting   | 4 5 7 |  7.0
Stealth        | 3 4 |  4.2
Hexes          | 3 |  3.3
Dodging        | |  2.4

Action                   |  1- 3 |  4- 6 |  7- 9 || total
-------------------------+-------+-------+-------++-------
Melee: Unarmed           |     2 |       |       ||     2
Throw: Dart              |       |     4 |       ||     4
 Cast: Magic Dart        |    43 |     9 |       ||    52
       Searing Ray       |     4 |    19 |       ||    23
       Dazzling Flash    |       |     1 |       ||     1
       Fulminant Prism   |       |     1 |     1 ||     2
       Iskenderun's Myst |       |       |     1 ||     1
  Use: Scroll            |       |     3 |     1 ||     4
       Potion            |       |       |     2 ||     2
Armor: Robe              |     8 |     2 |       ||    10
Dodge: Dodged            |     6 |    27 |     5 ||    38

Table legend: (Time is in decaauts)
 A = Elapsed time spent in this place.
 B = Non-inter-level travel time spent in this place.
 C = Inter-level travel time spent in this place.
 D = Time resting spent in this place.
 E = Time spent auto-exploring this place.
 F = Levels seen in this place.
 G = Mean time per level.
                   A        B        C        D        E       F      G
               +--------+--------+--------+--------+--------+-----+--------+
         Total |   3589 |   3570 |     19 |   1656 |   1487 |   5 |  717.8 |
       Dungeon |   3589 |   3570 |     19 |   1656 |   1487 |   5 |  717.8 |
               +--------+--------+--------+--------+--------+-----+--------+

Top non-repeatable levels by time:
     D:2: 1242 daAuts
     D:1: 1092 daAuts
     D:6: 967 daAuts
     D:3: 274 daAuts
     D:5: 12 daAuts
